AoeStats
← EL_DoN_TaPaS

Arabia

510342079Analyzed
1v1 RM · 22h ago on Sep 30, 2026· 48m 53s· 2 players
Game mode
Random Map
Map size
Tiny (2 player)
Population
200
Speed
Normal
Resources
Standard
Victory
Conquest
Starting age
Dark Age
Ending age
Imperial Age
RankedLock teamsTeams togetherTeam positionsShared explorationLock speedFull tech treeHidden civsTurbo modeCheats
Victory
Defeat
🇪🇸 Franks · Spain
1123
+15
🇪🇸 Hindustanis · Spain
1110
-15
marce
2:26 Loom
8:41 Feudal Age
9:20 Double-Bit Axe
18:10 Castle Age
16:07 Horse Collar
16:49 Gold Mining
19:04 Wheelbarrow
18:14 Town Watch
18:43 Bloodlines
19:03 Husbandry
19:15 Heavy Plow
20:05 Gold Shaft Mining
21:10 Stone Mining
23:10 Hand Cart
24:49 Stone Shaft Mining
25:19 Bow Saw
28:53 Scale Barding Armor
28:59 Forging
34:33 Imperial Age
33:55 Grand Trunk Road
34:52 Chain Barding Armor
35:08 Iron Casting
34:36 Pikeman
35:17 Squires
35:02 Arson
36:49 Two-Man Saw
35:26 Heavy Camel Rider
37:03 Conscription
36:47 Scale Mail Armor
37:30 Imperial Camel Rider
39:16 Blast Furnace
39:12 Plate Barding Armor
39:26 Chain Mail Armor
39:55 Elite Ghulam
46:59 Light Cavalry
EL_DoN_TaPaS
0:51 Loom
10:23 Feudal Age
10:59 Double-Bit Axe
18:49 Castle Age
18:12 Forging
18:08 Scale Barding Armor
18:06 Gold Mining
18:54 Arson
19:52 Bow Saw
21:42 Town Watch
23:41 Squires
25:19 Wheelbarrow
24:39 Pikeman
25:32 Gambesons
28:28 Hand Cart
34:03 Imperial Age
32:01 Fletching
32:12 Padded Archer Armor
33:00 Iron Casting
33:01 Scale Mail Armor
34:02 Leather Archer Armor
34:17 Ballistics
33:53 Murder Holes
34:11 Stone Mining
34:58 Gold Shaft Mining
35:01 Bodkin Arrow
36:00 Chain Barding Armor
36:50 Chemistry
36:07 Husbandry
37:51 Blast Furnace
36:14 Cavalier
37:29 Halberdier
39:17 Conscription
40:02 Town Patrol
40:39 Plate Barding Armor
41:19 Paladin
48:43 Chain Mail Armor
Connection lost

Rejoining the realm…

Still unreachable

The connection could not be restored.

Session expired

The server has moved on; the page needs a fresh start.